 Dungeon Crawl Stone Soup version 0.18.1-5-g4a78601 (webtiles) character file.

91 st0uf the Skirmisher (level 4, -2/40 HPs)
             Began as a Draconian Berserker on May 14, 2016.
             Was a Believer of Trog.
             Slain by a hobgoblin (6 damage)
             ... led by Robin
             ... on level 2 of the Dungeon.
             The game lasted 00:05:20 (1335 turns).

st0uf the Skirmisher (Draconian Berserker)          Turns: 1335, Time: 00:05:21

Health: -2/40      AC:  5    Str: 20    XL:     4   Next: 34%
Magic:  4/4        EV: 13    Int:  7    God:    Trog [**....]
Gold:   86         SH:  0    Dex: 11    Spells: 0 memorised, 3 levels left

rFire  . . .     SeeInvis .     a - +0 mace
rCold  . . .     Gourm    .     (armour unavailable)
rNeg   . . .     Faith    .     (no shield)
rPois  .         Spirit   .     (helmet restricted)
rElec  .         Dismiss  .     (no cloak)
rCorr  .         Reflect  .     (no gloves)
SustAt .         Harm     .     (no boots)
MR     .....                    (no amulet)
Stlth  +.........               (no ring)
                                (no ring)

@: not resistant to hostile enchantments, very unstealthy
A: unfitting armour, cold-blooded, AC +5
a: Berserk, Trog's Hand, Burn Spellbooks, Renounce Religion


You were on level 2 of the Dungeon.
You worshipped Trog.
Trog was pleased with you.
You were not hungry.

You visited 1 branch of the dungeon, and saw 2 of its levels.

You collected 86 gold pieces.

Inventory:

Hand Weapons
 a - a +0 mace (weapon)
Missiles
 j - 6 tomahawks (quivered)
Scrolls
 c - a scroll of fear {unknown}
 d - 3 scrolls of identify {unknown}
 e - a scroll of enchant weapon {unknown}
 m - a scroll of remove curse {unknown}
Potions
 f - 3 potions of curing {unknown}
 g - a potion of cancellation {unknown}
 h - a potion of haste {unknown}
 k - 2 potions of heal wounds {unknown}
Comestibles
 b - 2 bread rations
 i - 2 meat rations
 l - 2 chunks of flesh


   Skills:
 + Level 4.2 Fighting
 + Level 3.6 Maces & Flails
 + Level 3.5 Dodging
 + Level 0.8 Stealth


You had 3 spell levels left.
You didn't know any spells.

Dungeon Overview and Level Annotations

Branches:
Dungeon (2/15)

Altars:
Qazlal


Innate Abilities, Weirdness & Mutations

Your plain brown scales are hard (AC +5).
Your body does not fit into most forms of armour.
You are cold-blooded and may be slowed by cold attacks.


Message History

The hobgoblin hits you but does no damage.
You barely miss the goblin.
The hobgoblin no longer looks unusually strong.
The goblin closely misses you. The goblin hits you with a dagger.
The goblin closely misses you. The goblin hits you with a dagger.
* * * LOW HITPOINT WARNING * * *
The goblin hits you with a club.
* * * LOW HITPOINT WARNING * * *
The hobgoblin hits you with a club.
* * * LOW HITPOINT WARNING * * *
The goblin completely misses you. The goblin hits you.
* * * LOW HITPOINT WARNING * * *
You hit the goblin.
You kill the goblin!
Trog accepts your kill.
The goblin barely misses you. x2; The goblin hits you but does no damage.
The hobgoblin misses you.
You barely miss the goblin. The goblin barely misses you.
The goblin closely misses you. The hobgoblin hits you.
You die... #.#≈≈≈..'...'..# #.#≈≈≈..#...#..# .###.≈≈#########..# gg# ...(.≈≈#.(......).# gg# ####...)).(.......# g.# #...'÷.(.......# gg#

#...'..........#
..#
##≈≈#.......ggg#
..#
#≈≈#########@g##''#
##≈≈≈..#...#gg....#
#≈≈≈..)...'......#
##≈≈..#...#......#
#################


You could see 2 hobgoblins and 4 goblins.

Vanquished Creatures
  Robin (D:2)
  2 adders (D:2)
  An ooze (D:2)
  A worm (D:2)
  A dart slug (D:1)
  3 giant geckos
  3 giant cockroaches
  6 hobgoblins
  3 jackals (D:2)
  3 kobolds (D:1)
  4 bats (D:1)
  A giant newt (D:1)
  15 goblins
  3 rats (D:1)
  A plant (D:1)
48 creatures vanquished.

Notes
Turn   | Place    | Note
--------------------------------------------------------------
     0 | D:1      | st0uf the Draconian Berserker began the quest for the Orb.
     0 | D:1      | Reached XP level 1. HP: 19/19 MP: 1/1
   159 | D:1      | Reached XP level 2. HP: 26/26 MP: 2/2
   427 | D:1      | Reached ** piety under Trog
   522 | D:1      | Reached skill level 4 in Fighting
   544 | D:1      | Reached XP level 3. HP: 33/33 MP: 3/3
   956 | D:2      | Noticed an earth elemental
   958 | D:2      | Found a stormy altar of Qazlal.
   959 | D:2      | Noticed an air elemental
   960 | D:2      | Noticed a water elemental
   960 | D:2      | Noticed a fire elemental
  1168 | D:2      | Reached XP level 4. HP: 33/40 MP: 4/4
  1318 | D:2      | Noticed Robin
  1330 | D:2      | Killed Robin
  1335 | D:2      | Slain by a hobgoblin

Skill      XL: |  1  2  3 |
---------------+----------+-----
Fighting       | 4 |  4.2
Dodging        | 3 |  3.5
Maces & Flails | |  3.6
Stealth        | |  0.8

Action                   |  1- 3 |  4- 6 || total
-------------------------+-------+-------++-------
Melee: Mace              |   130 |    27 ||   157
       Tailslap          |    18 |     1 ||    19
 Stab: Sleeping          |     1 |       ||     1
  Eat: Chunk             |       |     2 ||     2
Armor: Skin              |    21 |    18 ||    39
Dodge: Dodged            |    67 |    55 ||   122
